 Dungeon Crawl Stone Soup version 0.28.0-53-g5a82cb258f (webtiles) character file.

Game seed: 12054292463771241322

655 acdeimund the Spear-Bearer (level 7, -1/55 HPs)
             Began as a Merfolk Monk on July 27, 2022.
             Was a Priest of Dithmenos.
             Slain by Dowan
             ... wielding a +0 dagger
              (3 damage)
             ... on level 5 of the Dungeon.
             The game lasted 00:20:08 (5177 turns).

acdeimund the Spear-Bearer (Merfolk Monk)           Turns: 5177, Time: 00:20:09

Health: -1/55      AC:  5    Str: 12    XL:     7   Next: 54%
Magic:  10/10      EV: 14    Int:  9    God:    Dithmenos [***...]
Gold:   633        SH:  0    Dex: 18    Spells: 7/10 levels left

rFire   . . .      SeeInvis .   j - +0 trident
rCold   . . .      Faith    .   (no shield)
rNeg    . . .      Spirit   .   i - +1 leather armour {rPois}
rPois   +          Reflect  .   (no helmet)
rElec   .          Harm     .   m - +0 cloak
rCorr   .          Rampage  .   (no gloves)
Will    .....                   (no boots)
Stlth   ++++......              (no amulet)
HPRegen 0.18/turn               (no ring)
MPRegen 0.12/turn               (no ring)

@: wreathed by umbra, studying Polearms
A: (nimble swimmer 2), mertail
a: Renounce Religion, Shadow Step


You were on level 5 of the Dungeon.
You worshipped Dithmenos.
Dithmenos was most pleased with you.
You visited 1 branch of the dungeon, and saw 5 of its levels.

You collected 1647 gold pieces.
You spent 1014 gold pieces at shops.

Inventory:

Hand Weapons
 a - a +0 spear
 c - a +0 halberd
 j - a +0 trident (weapon)
Missiles
 h - 9 boomerangs (quivered)
Armour
 b - a +0 robe
 i - a +1 leather armour of poison resistance (worn)
 m - a +0 cloak (worn)
Scrolls
 e - 2 scrolls of identify
 l - a scroll of amnesia
 o - a scroll of fear {unknown}
Potions
 d - a potion of lignification
 k - a potion of haste
 n - 2 potions of brilliance {unknown}
 q - a potion of degeneration {unknown}


   Skills:
 + Level 4.7 Fighting
 * Level 9.4 Polearms
 + Level 5.8 Dodging
 + Level 4.3 Stealth
 + Level 2.0 Spellcasting
 + Level 1.6 Translocations


You had 7 spell levels left.
You knew the following spells:

 Your Spells              Type           Power      Damage    Failure   Level
a - Apportation           Tloc           6%         N/A       22%         1
b - Blink                 Tloc           6%         N/A       32%         2

Your spell library contained the following spells:

 Spells                   Type           Power      Damage    Failure   Level
 Animate Skeleton         Necr           0%         N/A       38%         1
 Summon Small Mammal      Summ           0%         N/A       38%         1
 Ensorcelled Hibernation  Hex/Ice        0%         N/A       54%         2
 Lesser Beckoning         Tloc           3%         N/A       54%         3
 Spider Form              Tmut/Pois      0%         N/A       77%         3
 Anguish                  Hex/Necr       0%         N/A       99%         4
 Manifold Assault         Tloc           3%         N/A       99%         5


Dungeon Overview and Level Annotations

Branches:
Dungeon (5/15)
 Temple: D:4-7

Altars:
Dithmenos
Elyvilon
Hepliaklqana

Shops:
D:3 ?:

Annotations:
D:4 Edmund
D:5 Dowan, Duvessa


Innate Abilities, Weirdness & Mutations

((You are very nimble when in or above water. (Stealth+, EV+, Speed+++)))
Your lower body shifts to a powerful aquatic tail in water.


Message History

You feel better. Duvessa hits you with a +0 short sword!
* * * LOW HITPOINT WARNING * * *
Dowan gestures wildly while chanting.
Dowan blinks!
Duvessa says, "Where magic fails, the sword succeeds!"
Duvessa barely misses you.
You feel better. Duvessa completely misses you. Dowan completely misses you.
Unknown command.
You hit Duvessa but do no damage.
Duvessa is severely wounded.
Duvessa closely misses you. Dowan closely misses you.
Duvessa hits you with a +0 short sword.
You barely miss Duvessa.
Duvessa is severely wounded.
Duvessa hits you but does no damage. Dowan closely misses you.
You puncture Duvessa!
Duvessa is almost dead.
Duvessa hits you with a +0 short sword.
Dowan says, "Stay away from my face!"
Dowan closely misses you.
You hit Duvessa but do no damage.
Duvessa is almost dead.
Duvessa says, "My weaknesses are his strengths!"
Duvessa hits you with a +0 short sword.
* * * LOW HITPOINT WARNING * * *
You barely miss Duvessa.
Duvessa is almost dead.
Duvessa misses you. Dowan hits you but does no damage.
Duvessa hits you with a +0 short sword!
* * * LOW HITPOINT WARNING * * *
You hit Duvessa but do no damage.
Duvessa is almost dead.
Dowan barely misses you. Duvessa closely misses you.
You hit Duvessa but do no damage.
Duvessa is almost dead.
Duvessa completely misses you. Dowan hits you but does no damage.
You barely miss Duvessa.
Duvessa is almost dead.
Duvessa barely misses you. Dowan hits you with a +0 dagger.
You die...

#+# #.# ### #.###
...##... #.#...##
#......#
..##.#...##### #
..........e@e##.###.#
..##.##..###........#
#..# ####.#####
#..######.#
#.........#
#.######### #.# #.# #
####.########


You could see Duvessa (fast) and Dowan.

Vanquished Creatures
  A steam dragon (D:4)
  2 ice beasts (D:5)
  2 hounds (D:4)
  A gnoll shaman (D:4)
  3 orc wizards (D:4)
  A hound skeleton (D:4)
  7 gnolls
  2 adders (D:4)
  A white imp (D:5)
  A worm (D:3)
  7 orcs (D:4)
  9 ball pythons
  9 endoplasms
  5 giant cockroaches
  6 goblins
  2 hobgoblins
  A quokka (D:4)
  5 bats
  4 frilled lizards
  6 kobolds
  9 rats
84 creatures vanquished.

Notes
Turn   | Place    | Note
-------+----------+-------------------------------------------
     0 | D:1      | acdeimund the Merfolk Monk began the quest for the Orb.
     0 | D:1      | Reached XP level 1. HP: 18/18 MP: 1/1
   250 | D:1      | Reached XP level 2. HP: 24/24 MP: 2/2
   298 | D:1      | Found a faded altar of an unknown god.
   306 | D:1      | Prayed at the altar of an unknown god.
   306 | D:1      | Became a worshipper of Dithmenos the Shadowed
   306 | D:1      | Reached * piety under Dithmenos
   306 | D:1      | Reached ** piety under Dithmenos
   460 | D:1      | Reached skill level 5 in Polearms
   538 | D:1      | Reached *** piety under Dithmenos
   723 | D:1      | Reached XP level 3. HP: 24/29 MP: 3/3
  1589 | D:3      | Found Igupotaeto's Magic Scroll Shop.
  1651 | D:3      | Reached XP level 4. HP: 23/37 MP: 4/4
  1980 | D:3      | Found Siupnine's Book Emporium.
  2249 | D:3      | Found a white marble altar of Elyvilon.
  2827 | D:4      | Identified 2 scrolls of acquirement
  2827 | D:4      | Acquired 487 gold pieces
  2829 | D:4      | Acquired 907 gold pieces
  2843 | D:3      | Bought a scroll of acquirement for 520 gold pieces
  2843 | D:3      | Acquired a manual of Polearms
  2870 | D:3      | Bought a book of Spatial Translocations for 338 gold pieces
  2870 | D:3      | Bought a book of Cantrips for 156 gold pieces
  2872 | D:3      | Learned a level 1 spell: Apportation
  2875 | D:3      | Learned a level 2 spell: Blink
  3058 | D:4      | Reached skill level 6 in Polearms
  3058 | D:4      | Reached XP level 5. HP: 21/42 MP: 5/5
  3338 | D:4      | Reached skill level 5 in Dodging
  3572 | D:4      | Noticed a steam dragon
  3745 | D:4      | Reached skill level 7 in Polearms
  3745 | D:4      | Reached XP level 6. HP: 30/48 MP: 7/7
  3949 | D:4      | Reached skill level 1 in Spellcasting
  3963 | D:4      | Reached skill level 1 in Translocations
  4363 | D:4      | Found a hazy altar of Hepliaklqana.
  4373 | D:4      | Killed a steam dragon
  4374 | D:4      | Reached skill level 8 in Polearms
  4377 | D:4      | Reached XP level 7. HP: 37/55 MP: 7/9
  4674 | D:5      | Entered Level 5 of the Dungeon
  4674 | D:5      | Noticed Edmund
  4996 | D:5      | Reached skill level 9 in Polearms
  5106 | D:5      | Noticed Dowan
  5149 | D:5      | Noticed Duvessa
  5166 | D:5      | HP: 2/55 [Duvessa/+0 short sword (12)]
  5174 | D:5      | HP: 2/55 [Duvessa/+0 short sword (9)]
  5177 | D:5      | Slain by Dowan

Illustrated notes

Levels and vault maps discovered:
D:1:      saegor_arrival_simple_d, layout_rooms,
          hellmonk_ecumenical_altar_zigzags, skrybe_limestone_x,
          minmay_circled_x
D:2:      layout_loops_ring
D:3:      layout_basic, mainiacjoe_overflow_alcove_4, serial_shops, shop,
          nicolae_shop_trees, wander_ebering_terrifying_dragon_lair
D:4:      layout_basic, mainiacjoe_overflow_catwalk, nicolae_ossuary_entry_plus
D:5:      layout_loops_corners, gammafunk_ghost_nasty_kobolds,
          minmay_chambers_of_fives, uniq_duvessa, uniq_edmund, uniq_pikel

Skill      XL: |  1  2  3  4  5  6  7 |
---------------+----------------------+-----
Polearms       | 5 6 7 8 9 |  9.4
Stealth        | 3 4 |  4.3
Fighting       | 4 |  4.7
Dodging        | 5 |  5.8
Spellcasting   | 1 2 |  2.0
Translocations | 1 |  1.6

Action                   |  1- 3 |  4- 6 |  7- 9 || total
-------------------------+-------+-------+-------++-------
Melee: Spear             |   101 |       |       ||   101
       Punch             |     2 |     1 |       ||     3
       Trident           |    18 |   152 |    66 ||   236
       Tailslap          |       |       |     1 ||     1
  Use: Scroll            |     1 |    10 |       ||    11
       Potion            |     1 |     2 |     5 ||     8
 Stab: Sleeping          |    13 |    12 |     6 ||    31
       Distracted        |     2 |     1 |       ||     3
Armor: Robe              |    10 |    13 |       ||    23
       Leather armour    |       |    10 |     7 ||    17
Dodge: Dodged            |    61 |    87 |    39 ||   187
